Map: Overgrown Facility

Players

Faust

  • Race: Zerg Zerg
  • League: Diamond
  • Spawn Location: 9:00

Throwfordays

  • Race: Protoss Protoss
  • League: Silver
  • Spawn Location: 7:00

Unknown

  • Race: Terran Terran
  • League: Diamond
  • Spawn Location: 1:00

Caboose

  • Race: Terran Terran
  • Spawn Location: 3:00

VOD

Have the link to the VOD?

Description

Time

  • Played on: Feb. 5, 2019, 8:18 p.m.
  • Length: 8:58
Show
View Real Time Build Order
Export as new Build Order

Faust Zerg 

Build Orders: Hatch First 

Get SALT Encoding   

  12  0:01  Drone  
  13  0:08  Drone  
  13  0:13  Extractor  
  13  0:15  Drone  
  15  0:23  Overlord  
  16  0:42  Drone  
  16  0:43  Drone  
  17  0:55  Hatchery  
  16  0:58  Drone  
  17  1:12  Spawning Pool  
  17  1:16  Extractor  
  15  1:20  Drone  
  16  1:31  Drone  
  16  1:32  Drone  
  18  1:33  Drone  
  19  1:47  Overlord  
  19  1:58  Queen  
  19  1:59  Zergling x2  
  22  2:06  Zergling x2  
  22  2:08  Zergling x2  
  24  2:10  Queen  
  26  2:18  Metabolic Boost  
  26  2:37  Drone x4  
  26  2:38  Overlord  
  26  2:43  Baneling Nest  
  29  2:45  Drone  
  30  3:08  Drone  
  30  3:09  Drone x6  
  37  3:17  Lair  
  37  3:34  Drone  
  37  3:35  Drone x4  
  37  3:36  Overlord  
  42  4:05  Drone  
  42  4:06  Drone x5  
  48  4:16  Drone  
  49  4:20  Extractor, Hatchery  
  49  4:21  Drone x3, Hydralisk Den  
  49  4:23  Extractor, Drone x2  
  50  4:24  Extractor, Drone  
  50  4:33  Drone x2  
  52  4:49  Overlord x3  
  52  4:53  Muscular Augments  
  52  4:58  Evolution Chamber  
  51  5:00  Evolution Chamber  
  50  5:08  Zergling x14  
  57  5:15  Queen  
  59  5:22  Infestation Pit  
  59  5:24  Drone x4  
  59  5:26  Zerg Melee Weapons Level 1  
  59  5:28  Zerg Ground Armor Level 1  
  62  5:34  Drone x4  
  62  5:35  Drone  
  67  5:37  Queen  
  69  5:49  Zergling x2, Hydralisk x2  
  62  6:04  Baneling x3  
  62  6:05  Zergling x2, Baneling x2  
  44  6:30  Drone  
  44  6:31  Drone x3  
  44  6:32  Drone x4  
  52  6:33  Drone  
  53  6:43  Hydralisk x2  
  57  7:05  Drone  
  58  7:14  Hive  
  58  7:18  Overlord  
  58  7:19  Overlord x2  
  58  7:25  Queen  
  57  7:33  Drone  
  57  7:35  Overlord x3  
  58  7:38  Grooved Spines  
  58  7:43  Drone x7  
  58  7:44  Drone x2  
  67  7:45  Drone  
  68  8:06  Drone x5  
  73  8:23  Zergling x2  
  73  8:24  Zergling x8  
  78  8:28  Zergling x4  
  78  8:32  Hatchery  
  77  8:38  Ultralisk Cavern  
Show
View Real Time Build Order
Export as new Build Order

Throwfordays Protoss 

Build Orders: 1 Gate Expand 

Get SALT Encoding   

  12  0:03  Probe  
  13  0:15  Probe  
  14  0:22  Pylon  
  14  0:27  Probe  
  15  0:40  Probe  
  15  0:41  Gateway  
  16  0:52  Probe  
  16  0:54  Assimilator  
  17  1:18  Nexus  
  17  1:29  Cybernetics Core  
  17  1:31  Probe  
  18  1:43  Probe  
  18  1:45  Warp Gate  
  19  1:49  Pylon  
  19  1:54  Assimilator  
  19  1:55  Probe  
  20  2:09  Pylon  
  20  2:13  Assimilator  
  20  2:16  Assimilator  
  20  2:22  Adept  
  20  2:25  Gateway  
  18  2:57  Probe  
  17  3:09  Probe  
  17  3:10  Probe  
  19  3:19  Probe  
  19  3:21  Probe  
  21  3:27  Probe  
  21  3:29  Probe  
  23  3:35  Probe  
  23  3:37  Probe  
  23  3:44  Adept x2  
  23  3:47  Probe  
  23  3:48  Probe  
  30  3:56  Probe  
  30  3:59  Probe  
  32  4:04  Probe  
  33  4:11  Probe  
  33  4:15  Probe  
  35  4:21  Probe  
  36  4:27  Probe  
  36  4:29  Probe  
  37  4:36  Gateway  
  37  4:38  Gateway, Probe  
  38  4:39  Probe  
  38  4:40  Forge  
  40  4:47  Twilight Council  
  40  4:50  Probe  
  40  4:51  Probe  
  42  4:57  Pylon  
  42  5:02  Probe  
  42  5:03  Probe  
  44  5:08  Stargate  
  44  5:12  Cybernetics Core  
  44  5:19  Pylon  
  44  5:21  Pylon  
  44  5:25  Probe  
  44  5:27  Probe  
  46  5:31  Resonating Glaives  
  46  5:34  Protoss Air Weapons Level 1  
  46  5:37  Probe  
  46  5:38  Stalker  
  46  5:39  Stalker, Probe  
  47  5:49  Probe  
  42  5:51  Probe  
  43  6:01  Probe  
  44  6:11  Void Ray  
  44  6:13  Stargate, Probe  
  44  6:14  Probe  
  50  6:22  Probe  
  48  6:26  Probe  
  48  6:32  Probe  
  50  6:38  Probe  
  50  6:39  Stalker x3  
  54  6:44  Probe  
  55  6:50  Probe  
  56  6:56  Probe  
  57  7:02  Probe  
  57  7:08  Probe  
  59  7:14  Probe  
  60  7:20  Probe  
  61  7:26  Probe  
  56  7:38  Probe  
  56  7:39  Nexus  
  57  7:49  Probe  
  57  7:50  Probe  
  59  7:58  Pylon  
  59  8:01  Probe  
  59  8:02  Pylon, Probe  
  59  8:04  Assimilator  
  61  8:07  Assimilator  
  61  8:08  Stargate  
  61  8:09  Stargate  
  61  8:12  Stargate  
  59  8:32  Adept x3  
Show
View Real Time Build Order
Export as new Build Order

Unknown Terran 

Build Orders: Reaper Expand 

Get SALT Encoding   

  12  0:01  SCV  
  13  0:14  SCV  
  14  0:19  Supply Depot  
  14  0:26  SCV  
  15  0:40  SCV  
  15  0:42  Barracks  
  16  0:46  Refinery  
  16  0:52  SCV  
  17  1:04  SCV  
  18  1:16  SCV  
  19  1:29  Orbital Command  
  19  1:30  Reaper  
  20  1:44  Command Center  
  20  1:55  SCV  
  20  1:58  Barracks  
  21  2:04  Barracks Reactor  
  21  2:11  SCV  
  21  2:12  Supply Depot  
  22  2:24  SCV  
  22  2:26  Factory  
  23  2:31  Refinery  
  23  2:38  SCV  
  23  2:42  Marine  
  23  2:43  Marine  
  26  2:46  Barracks Tech Lab  
  26  2:50  SCV  
  27  2:58  Orbital Command  
  27  3:02  SCV  
  27  3:05  Marine x3  
  31  3:16  SCV  
  32  3:23  Marine x3  
  35  3:30  Stimpack, Starport  
  35  3:33  SCV x2  
  37  3:37  Factory Reactor  
  37  3:43  Marine x2  
  37  3:45  SCV  
  37  3:46  SCV  
  41  3:49  Marine  
  41  3:54  Supply Depot  
  42  3:56  Supply Depot  
  42  4:03  Marine x2  
  42  4:07  SCV x2  
  46  4:15  Marine  
  47  4:21  Medivac x2  
  47  4:22  Factory Tech Lab  
  47  4:23  Marine x2  
  53  4:25  SCV x2  
  53  4:28  Supply Depot  
  53  4:30  Supply Depot  
  55  4:33  Marine  
  55  4:37  SCV x2  
  58  4:41  Marine x2  
  60  4:49  SCV x2, Siege Tank  
  60  4:51  Marine  
  66  5:01  SCV x2  
  66  5:04  Medivac  
  70  5:13  Refinery, SCV x2, Command Center  
  72  5:15  Refinery, Combat Shield  
  72  5:19  Marine x3  
  75  5:28  SCV x2  
  77  6:05  Marine  
  78  6:16  Supply Depot x2  
  78  6:19  Marine  
  78  6:20  Marine  
  74  6:30  Orbital Command  
  74  6:32  Medivac x2, Siege Tank  
  77  6:33  SCV x2  
  77  6:39  Marine x2, Barracks  
  82  6:40  Barracks  
  82  6:41  Barracks  
  82  6:45  SCV  
  82  6:47  Marine, SCV  
  85  6:49  Concussive Shells  
  86  6:57  Marine, SCV  
  86  6:58  Engineering Bay x2  
  88  7:07  Orbital Command  
  88  7:09  Marine x2  
  88  7:10  Siege Tank  
  83  7:34  SCV  
  83  7:35  SCV x2  
  86  7:37  Marine x2  
  86  7:41  Barracks Reactor x3  
  88  7:45  Siege Tank  
  88  7:46  SCV  
  88  7:49  Marine  
  88  7:51  SCV x2  
  95  7:53  Liberator  
  95  7:54  Liberator  
  95  7:55  Marine x2  
  103  7:59  Supply Depot x2  
  103  8:00  Supply Depot  
  103  8:02  SCV  
  104  8:07  Marine  
  105  8:21  Marine x7  
  105  8:22  Marine  
  105  8:23  Siege Tank  
  116  8:29  Marine  
  117  8:38  Marine x2  
Show
View Real Time Build Order
Export as new Build Order

Caboose Terran 

Build Orders: Liberator Opening, Reaper Expand 

Get SALT Encoding   

  12  0:01  SCV  
  13  0:13  SCV  
  14  0:19  Supply Depot  
  14  0:25  SCV  
  15  0:40  SCV  
  15  0:42  Barracks  
  16  0:46  Refinery  
  16  0:52  SCV  
  17  1:04  SCV  
  18  1:17  SCV  
  19  1:29  Orbital Command  
  19  1:30  Reaper  
  20  1:48  Command Center  
  20  1:55  SCV  
  21  2:01  Supply Depot  
  21  2:02  Barracks Reactor  
  21  2:08  Refinery  
  21  2:13  SCV  
  22  2:35  SCV  
  22  2:36  Factory  
  22  2:47  SCV  
  23  3:10  SCV  
  24  3:15  Orbital Command  
  24  3:17  Marine x2  
  26  3:20  Factory Tech Lab  
  26  3:21  Starport  
  26  3:25  Barracks  
  26  3:26  Barracks  
  26  3:28  Barracks  
  26  3:30  SCV  
  27  3:42  Marine x2, SCV  
  30  3:53  SCV  
  30  3:54  SCV  
  31  3:59  Liberator  
  31  4:02  Widow Mine  
  36  4:08  SCV x2  
  38  4:12  Barracks Tech Lab  
  38  4:14  Barracks Tech Lab  
  38  4:20  SCV  
  38  4:21  Marine  
  38  4:22  Marine  
  41  4:26  SCV  
  42  4:32  SCV  
  42  4:33  Marine x3  
  46  4:42  Barracks  
  46  4:50  Starport Reactor  
  46  4:58  Supply Depot  
  46  4:59  Supply Depot x2  
  46  5:16  Marine x3, SCV, Refinery  
  46  5:19  Combat Shield  
  51  5:21  Marine  
  51  5:22  Supply Depot  
  51  5:23  Stimpack  
  51  5:25  Marauder  
  51  5:28  SCV x2  
  55  5:32  Command Center  
  55  5:33  Marine  
  56  5:38  Engineering Bay  
  56  5:40  SCV x2  
  58  5:46  Barracks Reactor x2, Marine x2  
  58  5:47  Marine  
  61  5:52  SCV x2  
  61  5:56  Marine  
  64  6:02  Medivac  
  66  6:04  Marine  
  66  6:05  Marauder  
  66  6:06  Refinery  
  69  6:13  Medivac  
  69  6:15  Widow Mine  
  69  6:17  SCV x2  
  75  6:21  Engineering Bay  
  75  6:29  SCV  
  75  6:32  Marine x3  
  77  6:33  Marine, Marauder  
  77  6:35  Marine x2  
  84  6:47  Terran Infantry Armor Level 1  
  84  6:48  Terran Infantry Weapons Level 1  
  84  6:50  SCV  
  84  6:51  Armory  
  85  6:57  Marine x3, Marauder  
  85  7:00  Medivac  
  92  7:06  Concussive Shells  
  92  7:09  Marine x4  
  92  7:15  Marine  
  97  7:18  Marine x2  
  97  7:19  Marauder  
  101  7:40  Supply Depot  
  101  7:45  Marine x4  
  101  7:46  Supply Depot, Marauder x2  
  101  7:47  Supply Depot  
  101  7:48  Supply Depot  
  106  7:51  Marine x2  
  108  7:59  Supply Depot, Siege Tank  
  108  8:00  Orbital Command  
  111  8:09  Marine x3, Marauder  
  111  8:10  Marine  
  111  8:12  Marine  
  117  8:38  Marine x4  
  117  8:39  Marine x2  
  117  8:40  SCV x2  
Tags
 
Add a new tag
Caveats
  • Supply blocks, unpowered buildings, or Contaminate may cause inaccurate times.
  • Supply counts are checked every 10 seconds.